 Dungeon Crawl Stone Soup version 0.30-b1-2-g02819fbbbe (webtiles) character file.

Game seed: 2886326856697860499

53 sanka the Sneak (level 3, 0/24 HPs)
             Began as a Vampire Hedge Wizard on May 9, 2023.
             Slain by a gnoll
             ... wielding a +0 whip
              (4 damage)
             ... on level 2 of the Dungeon.
             The game lasted 00:03:36 (1444 turns).

sanka the Sneak (Vampire Hedge Wizard)              Turns: 1444, Time: 00:03:36

Health: 0/24       AC:  3    Str:  9    XL:     3   Next: 64%
Magic:  4/7        EV: 12    Int: 18    God:
Gold:   77         SH:  5    Dex: 13    Spells: 3/8 levels left

rFire   . . .        a - +0 dagger
rCold   . . .        (no shield)
rNeg    . . .        b - +0 robe
rPois   .            l - +0 helmet
rElec   .            (no cloak)
rCorr   .            (no gloves)
SInv    +            (no boots)
Will    .....        j - amulet of reflection
Stlth   +++          (no ring)
HPRegen 0.44/turn    (no ring)
MPRegen 0.10/turn

%: reflection
@: confusing by touch, healing quickly
A: alive, fangs 3, see invisible, vampiric 2
a: Exsanguinate


You were on level 2 of the Dungeon.
You visited 1 branch of the dungeon, and saw 2 of its levels.

You collected 77 gold pieces.

Inventory:

Hand Weapons
 a - a +0 dagger (weapon)
Armour
 b - a +0 robe (worn)
 l - a +0 helmet (worn)
Magical Staves
 i - a staff of air
Jewellery
 j - an amulet of reflection (around neck)
Scrolls
 c - a scroll of identify {unknown}
 e - a scroll of vulnerability {unknown}
 g - a scroll of blinking {unknown}
 h - a scroll of enchant armour {unknown}
 m - a scroll of poison {unknown}
Potions
 f - a potion of might {unknown}
 k - a potion of attraction {unknown}
 n - a potion of mutation {unknown}


   Skills:
 - Level 2.1 Dodging
 - Level 5.4 Stealth
 - Level 3.0 Spellcasting
 - Level 0.6 Conjurations
 + Level 2.7 Hexes
 - Level 1.0 Summonings
 - Level 0.7 Translocations


You had 3 spell levels left.
You knew the following spells:

 Your Spells              Type           Power      Damage    Failure   Level
a - Magic Dart            Conj           16%        1d3       13%         1
b - Slow                  Hex            48%        N/A       5%          1
c - Confusing Touch       Hex            12%        N/A       16%         3

Your spell library contained the following spells:

 Spells                   Type           Power      Damage    Failure   Level
 Kiss of Death            Conj/Necr      12%        2d6       14%         1
 Shock                    Conj/Air       12%        1d3       14%         1
 Call Imp                 Summ           12%        N/A       16%         2
 Blink                    Tloc           10%        N/A       19%         2
 Cigotuvi's Dreadful Rot  Necr/Pois/Air  4%         N/A       24%         2
 Mephitic Cloud           Conj/Pois/Air  3%         N/A       41%         3
 Swiftness                Air            2%         N/A       43%         3
 Airstrike                Air            1%         2d(1-17)  85%         4
 Dispel Undead            Necr           2%         3d7       85%         4


Dungeon Overview and Level Annotations

Branches:
Dungeon (2/15)

Altars:


Innate Abilities, Weirdness & Mutations

Your natural rate of healing is accelerated.
You have razor-sharp teeth.
You have supernaturally acute eyesight. (SInv)
You are afflicted with vampirism and can become a bat while bloodless.


Message History

Nothing appears to happen.
Casting: Confusing Touch (quite dangerous; 16% risk of failure)
Confirm with . or Enter, or press ? or * to list all spells.
The spell is quite dangerous to miscast (16% risk of failure)!
Continue anyway?
Your hands begin to glow red.
Okay, then.
You hit the gnoll but do no damage. The gnoll hits you with a +0 whip.
You hit the gnoll but do no damage.
The gnoll appears confused.
The gnoll hits the gnoll with a +0 whip.
The gnoll hits itself with a +0 whip.
You hit the gnoll.
The gnoll is heavily wounded.
You barely miss the gnoll.
The gnoll is heavily wounded.
The gnoll barely misses itself.
You barely miss the gnoll.
The gnoll is heavily wounded.
The gnoll misses you.
You hit the gnoll but do no damage.
The gnoll is heavily wounded.
The gnoll hits you with a +0 whip!
You hit the gnoll. You bite the gnoll.
The gnoll is severely wounded.
The gnoll seems less confused.
The gnoll hits you with a +0 whip!
* * * LOW HITPOINT WARNING * * *
Your magical contamination has completely faded away.
You barely miss the gnoll. Your bite misses the gnoll.
The gnoll is severely wounded.
The gnoll hits you with a +0 whip.
* * * LOW HITPOINT WARNING * * *
Magic courses through your body. The gnoll barely misses you.
Casting: Confusing Touch (quite dangerous; 16% risk of failure)
Confirm with . or Enter, or press ? or * to list all spells.
The spell is quite dangerous to miscast (16% risk of failure)!
Continue anyway?
Your hands begin to glow red.
The gnoll hits you with a +0 whip.
* * * LOW HITPOINT WARNING * * *
You completely miss the gnoll.
The gnoll is heavily wounded.
The gnoll hits you with a +0 whip.
You die...

.### #.# #....# .#.#
#.# ##...## ...# .#
#....# ##.# #.#..#
#.# #.#..# #.#
#.#..### #.# ###
#....... ##.#
##.######## ###...##
...# ##.....ggg@#
######..# ####
#.....######
#....#..# ##....#
####.#..# ##.#.#
#.......#
#.#.########
#.##.##.#
#.#g.......#
#.......# # #.....#
#.# ###.......# ##
##.....####.#
#.........#
.#######.g......##.#
#)#......##


You could see 3 gnolls.

Vanquished Creatures
  An adder (D:2)
  4 dart slugs
  3 ball pythons
  4 endoplasms
  A giant cockroach (D:1)
  2 goblins (D:2)
  5 hobgoblins
  4 kobolds
  A quokka (D:2)
  4 bats
  2 frilled lizards (D:2)
  3 rats (D:1)
34 creatures vanquished.

Notes
Turn   | Place    | Note
-------+----------+-------------------------------------------
     0 | D:1      | sanka the Vampire Hedge Wizard began the quest for the Orb.
     0 | D:1      | Reached XP level 1. HP: 13/13 MP: 4/4
   105 | D:1      | Reached skill level 4 in Stealth
   110 | D:1      | Reached XP level 2. HP: 11/19 MP: 6/6
   129 | D:1      | Learned a level 1 spell: Slow
   242 | D:1      | Reached skill level 1 in Hexes
   713 | D:2      | Reached skill level 5 in Stealth
   713 | D:2      | Gained mutation: You are afflicted with vampirism and can
                  | become a bat while bloodless. [Vampire growth]
   713 | D:2      | Reached XP level 3. HP: 24/24 MP: 7/7
   912 | D:2      | Learned a level 3 spell: Confusing Touch
  1063 | D:2      | HP: 1/24 [gnoll/+0 whip (4)]
  1444 | D:2      | Slain by a gnoll

Illustrated notes

Levels and vault maps discovered:
D:1:      nzn_arrival_settlement, layout_rooms, st_stairs_13, bh_walls_and_bars
D:2:      layout_loops_ring, serial_aquarium, aquarium_bridge_square
          [aquarium_subvault_window, aquarium_subvault_bridge,
          aquarium_subvault_bridge, aquarium_subvault_wall], aquarium_window_3,
          aquarium_window_fake, aquarium_window_fake, aquarium_window_1,
          aquarium_view_2d, aquarium_pool_four

Skill      XL: |  1  2  3 |
---------------+----------+-----
Stealth        | 4 5 |  5.4
Hexes          | 1 2 |  2.7
Dodging        | |  2.1
Spellcasting   | |  3.0
Conjurations   | |  0.6
Summonings     | |  1.0
Translocations | |  0.7

Action                     || total
---------------------------++-------
  Melee: Dagger            ||   175
         Punch             ||     2
         Bite              ||    25
   Cast: Confusing Touch   ||     5
    Use: Potion            ||     1
   Stab: Sleeping          ||     6
 Armour: Robe              ||    35
  Dodge: Dodged            ||    96
  Block: Other             ||    23
